 Dungeon Crawl Stone Soup version 0.28.0-45-g0d030f2227 (webtiles) character file.

Game seed: 13510163647228137882

4062 101zpm the Thaumaturge (level 10, -2/64 HPs)
             Began as a Djinni Ice Elementalist on Apr 15, 2022.
             Killed by divine providence
             ... invoked by an orc priest
              (15 damage)
             ... on level 8 of the Dungeon.
             The game lasted 00:38:18 (11649 turns).

101zpm the Thaumaturge (Djinni Ice Elementalist)   Turns: 11649, Time: 00:38:19

Health: -2/64      AC:  5    Str:  7    XL:     10   Next: 49%
Gold:   363        EV: 14    Int: 20    God:
                   SH:  0    Dex: 21

rFire   + + .      SeeInvis .   o - +8 short sword of the Slicing Wasp {vorpal, rElec Stlth+}
rCold   x . .      Faith    .   j - orb {mayhem}
rNeg    . . .      Spirit   .   a - +0 robe
rPois   ∞          Reflect  .   r - +0 helmet
rElec   +          Harm     .   p - +0 cloak
rCorr   .          Rampage  .   w - +0 pair of gloves
Will    +....                   (boots unavailable)
Stlth   ++++......              (no amulet)
HPRegen 0.20/turn               h - +6 ring of dexterity
MPRegen 0.00/turn               (no ring)

@: flying
A: sickness immunity, fire resistance 2, cold vulnerability 1, float, innate
caster, HP casting, extra vitality 1
a: no special abilities


You were on level 8 of the Dungeon.
You visited 1 branch of the dungeon, and saw 8 of its levels.

You collected 363 gold pieces.

Inventory:

Hand Weapons
 o - the +8 short sword of the Slicing Wasp (weapon) {vorpal, rElec Stlth+}
   (You found it on level 2 of the Dungeon)

   It inflicts extra damage upon your enemies.
   rElec:     It insulates you from electricity.
   Stlth:     It makes you more stealthy.
Missiles
 b - 225 stones
 m - 16 poisoned darts
 v - 39 sling bullets
 C - 2 throwing nets
Armour
 a - a +0 robe (worn)
 j - an orb of mayhem (worn)
 p - a +0 cloak (worn)
 r - a +0 helmet (worn)
 w - a +0 pair of gloves (worn)
Jewellery
 h - a +6 ring of dexterity (left hand)
 y - a +6 ring of dexterity
 G - a ring of protection from cold
Wands
 e - a wand of paralysis (15)
 t - a wand of flame (45)
 B - a wand of mindburst (11)
Scrolls
 c - a scroll of noise {unknown}
 f - a scroll of fear {unknown}
 g - 2 scrolls of magic mapping
 k - a scroll of enchant weapon {unknown}
 l - 3 scrolls of teleportation {unknown}
 q - a scroll of amnesia {unknown}
 s - a scroll of vulnerability {unknown}
 u - a scroll of blinking {unknown}
 x - 2 scrolls of identify {unknown}
 F - a scroll of fog {unknown}
Potions
 d - 5 potions of curing {unknown}
 i - 4 potions of lignification {unknown}
 n - a potion of brilliance {unknown}
 z - 2 potions of might {unknown}
 A - a potion of ambrosia {unknown}
 D - 2 potions of cancellation {unknown}
 E - a potion of magic {unknown}
 H - a potion of invisibility {unknown}
 I - a potion of heal wounds {unknown}


   Skills:
 + Level 2.2 Fighting
 + Level 1.1 Short Blades
 + Level 4.1 Dodging
 + Level 3.8 Stealth
 + Level 0.5 Unarmed Combat
 + Level 10.7 Spellcasting
 + Level 0.1 Evocations


You had 11 spell levels left.
You knew the following spells:

 Your Spells              Type           Power      Damage    Failure   Level
a - Freeze                Ice            100%       1d11      1%          1
b - Frozen Ramparts       Ice            100%       1d12      1%          3
c - Ozocubu's Armour      Ice            52%        N/A       1%          3
d - Hailstorm             Conj/Ice       52%        3d12      1%          4
e - Shock                 Conj/Air       100%       1d9       1%          1
f - Wereblood             Tmut           52%        N/A       1%          2
g - Static Discharge      Conj/Air       52%        N/A       1%          2
h - Vampiric Draining     Necr           52%        2d9       1%          3
Your spell library was empty.

Dungeon Overview and Level Annotations

Branches:
Dungeon (8/15)             Temple (0/1) D:6
   Lair: D:8-11

Altars:
Elyvilon
Qazlal
Sif Muna
Uskayaw
Wu Jian
Xom

Shops:
D:6 *   D:7 [

Annotations:
D:5 Edmund


Innate Abilities, Weirdness & Mutations

You are immune to sickness and miasma.
You are immune to poison.
Your flesh is very heat resistant. (rF++)
You are vulnerable to cold. (rC-)
You float through the air rather than walking.
You learn spells naturally, not from books.
Your magical power is your life essence.
You have superior vitality. (+4 MHP)


Message History

An orc comes into view. It is wielding a +0 club.
Casting: Shock (safe; 1% risk of failure)
Confirm with . or Enter, or press ? or * to list all spells.
Aiming: Shock (safe; 1% risk of failure)
Press: ? - help, Shift-Dir - straight line, f - orc
Aim: an orc, wielding a +0 club (74% to hit)
The zap hits the orc!
You kill the orc!
You start resting.
Your icy armour starts to melt.
You start resting.
You howl as the wereblood boils in your veins!
The frozen ramparts melt away.
Your primal bloodlust is almost over.
You start resting.
You howl as the wereblood boils in your veins!
You start resting.
You howl as the wereblood boils in your veins!
Your icy armour evaporates.
You start resting.
You howl as the wereblood boils in your veins!
You start resting.
Your primal bloodlust has ended.
You start resting.
An orc priest comes into view. It is wielding a +0 flail.
Casting: Shock (safe; 1% risk of failure)
Confirm with . or Enter, or press ? or * to list all spells.
Aiming: Shock (safe; 1% risk of failure)
Press: ? - help, Shift-Dir - straight line, f - orc priest
Aim: an orc priest, wielding a +0 flail (74% to hit)
The zap hits the orc priest.
The orc priest is lightly wounded.
The zap hits the orc priest.
The orc priest is moderately wounded.
The orc priest mumbles some strange prayers to Beogh against you.
Pain shoots through your body!
* * * LOW HITPOINT WARNING * * *
The orc priest invokes the aid of Beogh against you.
Beogh smites you!
You die...

..##.###. #.....#.
##......# ..####.......
...#.#......## #
............# o#
#....#...<.# o# ..
#..........# ..# ...
###........@### #)#
..##.#...........##).#
. .................o)#
#.##.#.<.........))###
#.................##
##.............#....#
........^......##..##
........<......#####
................#######


You could see an orc priest.

Vanquished Creatures
  Maurice (D:8)
  5 yaks (D:7)
  A wyvern (D:8)
  A steam dragon (D:7)
  An acid dragon (D:7)
  A water moccasin (D:7)
  2 orc warriors (D:8)
  2 sky beasts
  2 ice beasts
  5 ogres
  A centaur (D:5)
  Blork the orc (D:6)
  4 scorpions
  3 wights (D:6)
  A howler monkey (D:7)
  A centaur zombie (D:7)
  3 hounds
  2 orc priests
  A bullfrog skeleton (D:7)
  Crazy Yiuf (D:2)
  4 iguanas
  A jelly (D:6)
  A gnoll shaman (D:7)
  A scorpion zombie (D:5)
  Terence (D:2)
  4 orc wizards
  A hound skeleton (D:4)
  9 adders
  10 gnolls
  A shadow imp (D:5)
  4 ufetubi
  An adder skeleton (D:4)
  A worm (D:3)
  2 dart slugs
  24 orcs
  4 bats
  6 endoplasms
  4 giant cockroaches
  7 goblins
  5 hobgoblins
  4 quokkas
  3 ball pythons
  3 frilled lizards
  7 kobolds
  4 rats
151 creatures vanquished.

Vanquished Creatures (collateral kills)
  A yak (D:7)
  An orc wizard (D:7)
  A gnoll (D:4)
  3 orcs
  A kobold (D:4)
7 creatures vanquished.

Vanquished Creatures (others)
  A gnoll (D:7)
  4 orcs (D:8)
  A ball python (D:4)
6 creatures vanquished.

Grand Total: 164 creatures vanquished

Notes
Turn   | Place    | Note
-------+----------+-------------------------------------------
     0 | D:1      | 101zpm the Djinni Ice Elementalist began the quest for the
                  | Orb.
     0 | D:1      | Reached XP level 1. HP: 15/15 MP: 0/0
   345 | D:1      | Found a faded altar of an unknown god.
   389 | D:1      | Reached XP level 2. HP: 11/21 MP: 0/0
  1157 | D:2      | Reached XP level 3. HP: 23/25 MP: 0/0
  1157 | D:2      | Learned a level 1 spell: Shock
  1200 | D:2      | Found a runed translucent door.
  1201 | D:2      | Noticed Crazy Yiuf
  1728 | D:2      | Reached skill level 4 in Spellcasting
  1810 | D:2      | Noticed Terence
  2064 | D:3      | Reached XP level 4. HP: 27/31 MP: 0/0
  2807 | D:3      | Reached XP level 5. HP: 29/35 MP: 0/0
  2807 | D:3      | Learned a level 2 spell: Wereblood
  2862 | D:3      | Found an ornate altar of the Wu Jian Council.
  2923 | D:3      | Noticed a sky beast
  2941 | D:3      | Killed a sky beast
  2942 | D:3      | Reached skill level 5 in Spellcasting
  2942 | D:3      | Reached XP level 6. HP: 19/40 MP: 0/0
  3733 | D:4      | Noticed an ogre
  3742 | D:4      | Killed an ogre
  4489 | D:4      | Noticed an ogre
  4777 | D:2      | Killed Terence
  4778 | D:2      | Reached XP level 7. HP: 38/46 MP: 0/0
  4778 | D:2      | Learned a level 2 spell: Static Discharge
  5275 | D:2      | Identified the +8 short sword of the Slicing Wasp {vorpal,
                  | rElec Stlth+}
  5406 | D:2      | Killed Crazy Yiuf
  5935 | D:4      | Reached skill level 6 in Spellcasting
  6311 | D:5      | Entered Level 5 of the Dungeon
  6319 | D:5      | Reached XP level 8. HP: 42/51 MP: 0/0
  6322 | D:5      | Reached skill level 1 in Fighting
  6351 | D:5      | Reached skill level 7 in Spellcasting
  6365 | D:5      | Noticed Edmund
  6371 | D:5      | Reached skill level 1 in Short Blades
  7627 | D:7      | Found Ximo's Armour Shop.
  7750 | D:7      | Reached XP level 9. HP: 44/57 MP: 0/0
  7750 | D:7      | Learned a level 3 spell: Vampiric Draining
  7880 | D:7      | Reached skill level 8 in Spellcasting
  8277 | D:7      | Reached skill level 9 in Spellcasting
  8590 | D:7      | Found a white marble altar of Elyvilon.
  9075 | D:6      | Found an opulent altar of Gozag.
  9084 | D:6      | Reached XP level 10. HP: 56/64 MP: 0/0
  9248 | D:6      | Found a stormy altar of Qazlal.
  9248 | D:6      | Found a hide-covered altar of Uskayaw.
  9251 | D:6      | Found a shimmering altar of Xom.
  9251 | D:6      | Found a shimmering altar of Xom.
  9251 | D:6      | Found an ornate altar of the Wu Jian Council.
  9342 | D:6      | Reached skill level 10 in Spellcasting
  9617 | D:6      | Noticed Blork the orc
  9629 | D:6      | Killed Blork the orc
 10011 | D:6      | Found Eshruniri's Elemental Accessories.
 10043 | D:6      | Found a staircase to the Ecumenical Temple.
 10469 | D:8      | Noticed Maurice
 11289 | D:8      | Killed Maurice
 11649 | D:8      | Killed from afar by an orc priest

Illustrated notes

Levels and vault maps discovered:
D:1:      heliophobic_arrival_henge, layout_loops_ring,
          hellmonk_ecumenical_altar_pennies_from_heaven
D:2:      layout_basic, uniq_terence, uniq_crazy_yiuf_cottage
D:3:      layout_loops_cross, nzn_wu_jian_council_hall, minmay_misc_feat_alley
D:4:      minmay_chambers_of_threes, layout_basic, grunt_decor_arrowhead
D:5:      layout_cave_pools, kennysheep_okawaru_gauntlet,
          nicolae_overflow_hidden_temple, minmay_between, uniq_edmund,
          uniq_eustachio
D:6:      layout_basic, doesnt_xom_only_xom, minmay_temple_entry_glassed_door,
          nicolae_elemental_shop, uniq_blork_the_orc
D:7:      layout_rooms, nicolae_sif_muna_condensation,
          nicolae_overflow_crystal_walls, serial_shops, nicolae_stop_n_shop_2
D:8:      layout_cave_pools, nemelex_diamond_rough_becter,
          erik_lair_orcish_takeover, special_room [special_room_orc],
          kennysheep_generic_room_8, uniq_maurice

Skill      XL: |  1  2  3  4  5  6  7  8  9 10 |
---------------+-------------------------------+-----
Spellcasting   | 4 5 6 7 9 10 | 10.7
Stealth        | 2 3 |  3.8
Fighting       | 1 2 |  2.2
Dodging        | 3 4 |  4.1
Short Blades   | 1 |  1.1
Unarmed Combat | |  0.5
Evocations     | |  0.1

Action                   |  1- 3 |  4- 6 |  7- 9 | 10-12 || total
-------------------------+-------+-------+-------+-------++-------
Melee: Unarmed           |     2 |     7 |       |       ||     9
       Short sword       |       |       |     3 |       ||     3
 Cast: Freeze            |    43 |    24 |     3 |       ||    70
       Shock             |       |    17 |   141 |   105 ||   263
       Frozen Ramparts   |       |    14 |    36 |    16 ||    66
       Ozocubu's Armour  |       |     6 |    14 |    10 ||    30
       Wereblood         |       |     2 |     8 |     2 ||    12
       Static Discharge  |       |       |    12 |     3 ||    15
       Hailstorm         |       |       |     1 |       ||     1
       Vampiric Draining |       |       |       |     4 ||     4
Evoke: Wand              |       |     2 |       |       ||     2
  Use: Scroll            |       |     1 |       |       ||     1
Armor: Robe              |     5 |       |    20 |     8 ||    33
Dodge: Dodged            |    18 |    25 |    27 |    10 ||    80
